 Dungeon Crawl Stone Soup version 0.30-a0-782-ge64f9170bb (webtiles) character file.

Game seed: 851241927156745141

309 theswoord the Cudgeller (level 6, 0/44 HPs)
             Began as a Demonspawn Gladiator on Feb 19, 2023.
             Slain by a sky beast (6 damage)
             ... on level 4 of the Dungeon.
             The game lasted 00:05:31 (2145 turns).

theswoord the Cudgeller (Demonspawn Gladiator)      Turns: 2145, Time: 00:05:32

Health: 0/44       AC:  6    Str: 16    XL:     6   Next: 17%
Magic:  6/6        EV: 13    Int:  9    God:
Gold:   159        SH:  0    Dex: 15    Spells: 5/5 levels left

rFire   . . .      SeeInvis .    a - +1 flail (heavy)
rCold   . . .      Faith    .    (no shield)
rNeg    . . .      Spirit   .    f - +0 ring mail {rPois}
rPois   +          Reflect  .    (helmet restricted)
rElec   .          Harm     .    (no cloak)
rCorr   .          Rampage  .    (no gloves)
Will    .....                    k - +0 pair of boots
Stlth   +                        (no amulet)
HPRegen 0.27/turn                (no ring)
MPRegen 0.10/turn                (no ring)

@: no status effects
A: horns 1, repulsion field 1
a: no special abilities


You were on level 4 of the Dungeon.
You visited 1 branch of the dungeon, and saw 4 of its levels.

You collected 159 gold pieces.

Inventory:

Hand Weapons
 a - a +1 heavy flail (weapon)
 l - a +0 whip
Missiles
 d - 3 throwing nets (quivered)
 e - a javelin
Armour
 b - a +0 leather armour
 c - a +0 helmet
 f - a +0 ring mail of poison resistance (worn)
 k - a +0 pair of boots (worn)
Jewellery
 m - a ring of resist corrosion
Scrolls
 g - a scroll of amnesia
 i - a scroll of vulnerability
 j - 2 scrolls of identify
Potions
 h - 4 potions of attraction
 n - a potion of flight {unknown}


   Skills:
 - Level 2.0 Fighting
 + Level 6.4 Maces & Flails
 - Level 1.7 Throwing
 - Level 2.6 Dodging


You had 5 spell levels left.
You didn't know any spells.
Your spell library was empty.

Dungeon Overview and Level Annotations

Branches:
Dungeon (4/15)
 Temple: D:4-7

Altars:

Shops:
D:2 [   D:4 *


Innate Abilities, Weirdness & Mutations

You have a pair of small horns on your head.
You are surrounded by a mild repulsion field. (EV +2)


Message History

The necrophage hits you but does no damage.
You bludgeon the necrophage!! You headbutt the necrophage.
The necrophage hits you but does no damage.
The orc misses you.
You completely miss the necrophage.
The necrophage hits you but does no damage.
The orc hits you from afar with a +0 trident.
* * * LOW HITPOINT WARNING * * *
The giant cockroach waves its antennae.
The necrophage misses you. The orc hits you but does no damage.
You barely miss the necrophage. The necrophage completely misses you.
The orc barely misses you.
The necrophage hits you but does no damage.
The orc hits you from afar with a +0 trident.
* * * LOW HITPOINT WARNING * * *
You sock the necrophage!
You destroy the necrophage!
The jackal misses you. The orc barely misses you. The jackal bites you.
* * * LOW HITPOINT WARNING * * *
You have reached level 6!
You completely miss the jackal. You headbutt the jackal.
You kill the jackal!
The orc closely misses you.
The giant cockroach bites you but does no damage.
A goblin comes into view. It is wielding a +0 club.
The orc hits you from afar with a +0 trident.
* * * LOW HITPOINT WARNING * * *
The goblin shouts!
You thump the giant cockroach!
You kill the giant cockroach!
The sky beast flickers out of sight!
Deactivating autopickup; reactivate with Ctrl-A.
The orc closely misses you.
You miss something. Something hits you but does no damage.
The orc hits you from afar with a +0 trident.
* * * LOW HITPOINT WARNING * * *
The orc misses you. Something hits you.
* * * LOW HITPOINT WARNING * * *
Something shocks you.
You die...

#.........##
+#...#.....
#.........
#........ ...#
.......)# ... #..g#
..# ##So# #.# ##{#
#.# #@#
#.#########.######.
#..................
#.....#############
######.#####
.......# ########


You could see an orc, a goblin and a ball python.

Vanquished Creatures
  A necrophage (D:4)
  A howler monkey (D:4)
  A hound (D:4)
  Natasha (twice) (D:2)
  An orc wizard (D:4)
  4 adders (D:2)
  2 worms
  A dart slug (D:2)
  8 ball pythons
  4 bats
  5 endoplasms
  5 giant cockroaches
  3 goblins
  4 hobgoblins
  2 jackals (D:4)
  3 quokkas
  6 frilled lizards
  3 kobolds
  3 rats
59 creatures vanquished.

Notes
Turn   | Place    | Note
-------+----------+-------------------------------------------
     0 | D:1      | theswoord the Demonspawn Gladiator began the quest for the
                  | Orb.
     0 | D:1      | Reached XP level 1. HP: 16/16 MP: 1/1
   207 | D:1      | Reached skill level 3 in Maces & Flails
   250 | D:1      | Gained mutation: You are surrounded by a mild repulsion
                  | field. (EV +2) [demonic ancestry]
   250 | D:1      | Reached XP level 2. HP: 16/22 MP: 2/2
   779 | D:2      | Reached XP level 3. HP: 25/27 MP: 3/3
   971 | D:2      | Reached skill level 4 in Maces & Flails
  1179 | D:2      | Found Miytrabb's Antique Armour Shoppe.
  1226 | D:2      | Gained mutation: You have a pair of small horns on your
                  | head. [demonic ancestry]
  1226 | D:2      | Reached XP level 4. HP: 33/33 MP: 4/4
  1227 | D:2      | Noticed Natasha
  1232 | D:2      | Killed Natasha
  1477 | D:2      | Noticed Natasha
  1480 | D:2      | Killed Natasha
  1481 | D:2      | Reached skill level 5 in Maces & Flails
  1751 | D:3      | Reached XP level 5. HP: 38/38 MP: 5/5
  1882 | D:4      | Found Vyng's Assorted Antiques.
  2130 | D:4      | Reached skill level 6 in Maces & Flails
  2136 | D:4      | Noticed a sky beast
  2143 | D:4      | Reached XP level 6. HP: 15/44 MP: 6/6
  2145 | D:4      | Slain by a sky beast

Skill      XL: |  1  2  3  4  5 |
---------------+----------------+-----
Maces & Flails | 3 4 5 6 |  6.4
Fighting       | |  2.0
Throwing       | |  1.7
Dodging        | |  2.6

Action                     |  1- 3 |  4- 6 || total
---------------------------+-------+-------++-------
  Melee: Flail             |    83 |    72 ||   155
         Punch             |     2 |       ||     2
         Headbutt          |       |     8 ||     8
    Use: Scroll            |     6 |     3 ||     9
 Armour: Ring mail         |    35 |    30 ||    65
  Dodge: Dodged            |    67 |    72 ||   139

Levels and vault maps discovered:
D:1:      amcnicky_arrival_feature_with_door, layout_loops_ring,
          reono_crystal_passage, minmay_crystal_room, hangedman_decor_riveting,
          nicolae_kite_square_tiling_tiny
D:2:      layout_basic, serial_shops, shop, minmay_unequal, uniq_natasha
D:3:      layout_rooms
D:4:      layout_basic, minmay_temple_entry_antechambers, serial_shops,
          kennysheep_little_box, shop, nicolae_stop_n_shop_1, shop,
          minmay_pentangle
